 Dungeon Crawl Stone Soup version 0.29.1-1-gd02db6906a (webtiles) character file.

Game seed: 8564845988580299329

121 Hadkhar the Trooper (level 5, -3/42 HPs)
             Began as a Human Abyssal Knight on Sept 27, 2022.
             Was a Priest of Lugonu.
             Slain by an orc
             ... wielding a +0 mace
              (5 damage)
             ... on level 3 of the Dungeon.
             The game lasted 00:13:45 (2735 turns).

Hadkhar the Trooper (Human Abyssal Knight)          Turns: 2735, Time: 00:13:46

Health: -3/42      AC:  9    Str: 15    XL:     5   Next: 26%
Magic:  6/6        EV:  7    Int: 10    God:    Lugonu [***...]
Gold:   125        SH:  0    Dex: 14    Spells: 4/4 levels left

rFire   . . .      SeeInvis .   a - +1 hand axe
rCold   . . .      Faith    .   (no shield)
rNeg    . . .      Spirit   .   e - +0 chain mail
rPois   .          Reflect  .   (no helmet)
rElec   .          Harm     .   (no cloak)
rCorr   .          Rampage  .   (no gloves)
Will    .....                   (no boots)
Stlth   ..........              (no amulet)
HPRegen 0.14/turn               (no ring)
MPRegen 0.10/turn               (no ring)

@: no status effects
A: no striking features
a: Renounce Religion, Depart the Abyss, Bend Space, Banish


You were on level 3 of the Dungeon.
You worshipped Lugonu.
Lugonu was most pleased with you.
You visited 1 branch of the dungeon, and saw 3 of its levels.
You visited the Abyss 1 time.

You collected 125 gold pieces.

Inventory:

Hand Weapons
 a - a +1 hand axe (weapon)
Missiles
 g - 8 poisoned darts (quivered)
Armour
 b - a +0 leather armour
 e - a +0 chain mail (worn)
 l - an orb of mayhem
Scrolls
 d - 2 scrolls of identify {unknown}
 f - a scroll of noise {unknown}
 h - a scroll of teleportation {unknown}
 o - a scroll of torment {unknown}
 p - a scroll of enchant armour {unknown}
Potions
 c - 3 potions of curing {unknown}
 i - 2 potions of might {unknown}
 j - 2 potions of brilliance {unknown}
 k - a potion of mutation {unknown}
 m - a potion of lignification {unknown}
 n - 4 potions of haste {unknown}


   Skills:
 + Level 3.8 Fighting
 * Level 3.5 Axes
 + Level 2.9 Armour
 - Level 1.5 Dodging
 - Level 2.0 Invocations


You had 4 spell levels left.
You didn't know any spells.
Your spell library was empty.

Dungeon Overview and Level Annotations

Branches:
Dungeon (3/15)

Altars:
Elyvilon

Shops:
D:1 [


Message History

A magic dart appears from out of thin air!
The magic dart hits something!
You closely miss something. Something hits you.
You closely miss something.
A magic dart appears from out of thin air!
The magic dart hits something.
Reactivating autopickup.
You bump into the rock wall.
You feel less confused.
Deactivating autopickup; reactivate with Ctrl-A.
You slash something! Something hits you but does no damage.
You hit something but do no damage.
You hear some strange, mumbled words.
A magic dart appears from out of thin air!
The magic dart hits you! Something hits you but does no damage.
You hit something. Lugonu accepts your kill.
Reactivating autopickup.
You feel a bit more experienced.
You hit the orc but do no damage. The orc hits you but does no damage.
You closely miss the orc. The orc barely misses you.
You hit the orc.
The orc is heavily wounded.
The orc barely misses you.
You closely miss the orc.
The orc is heavily wounded.
The orc hits you with a +0 mace!
* * * LOW HITPOINT WARNING * * *
You hit the orc.
The orc is heavily wounded.
The orc hits you with a +0 mace.
* * * LOW HITPOINT WARNING * * *
You hit the orc.
The orc is severely wounded.
The orc hits you but does no damage. The orc hits you with a +0 mace.
* * * LOW HITPOINT WARNING * * *
You barely miss the orc.
The orc is severely wounded.
The orc hits you with a +0 mace.
You die...

#........)..#.....
#.###########.#)#.
#.#....)......#.#.
#.#.######..###.##
..#.#.######..#.....
#.#.#.........######
#.#.#######..)~≈≈≈≈≈
#.#.# ##..######
#.#@# ##.#..... ##
#.#o# #.###.##
##<..#.#)# #.).#.#.
........>## ###.#.#)
#####o.#..####
#...)) ###...#.....#
###### .o..........#
# .o≈≈≈≈≈≈≈≈≈..#
#.≈....§..≈..#


You could see an orc.

Vanquished Creatures
  An orc wizard (D:3)
  2 adders
  3 dart slugs
  8 orcs (D:3)
  4 ball pythons
  6 endoplasms
  2 giant cockroaches (D:1)
  3 goblins
  7 hobgoblins
  3 jackals (D:1)
  4 quokkas
  A bat (D:2)
  A frilled lizard (D:1)
  11 kobolds
  5 rats
61 creatures vanquished.

Vanquished Creatures (others)
  An orc wizard (D:3)
1 creature vanquished.

Grand Total: 62 creatures vanquished

Notes
Turn   | Place    | Note
-------+----------+-------------------------------------------
     0 | Abyss:1  | Hadkhar the Human Abyssal Knight began the quest for the
                  | Orb.
     0 | Abyss:1  | Reached XP level 1. HP: 18/18 MP: 2/2
     1 | D:1      | Escaped the Abyss
    63 | D:1      | Found Wichuurum's Antique Armour Boutique.
    82 | D:1      | Reached XP level 2. HP: 13/24 MP: 3/3
   689 | D:1      | Reached XP level 3. HP: 24/29 MP: 4/4
  1169 | D:2      | Reached *** piety under Lugonu
  1245 | D:2      | Found a faded altar of an unknown god.
  1426 | D:2      | Reached XP level 4. HP: 35/35 MP: 5/5
  2689 | D:3      | Found a white marble altar of Elyvilon.
  2706 | D:3      | Reached XP level 5. HP: 42/42 MP: 6/6
  2734 | D:3      | HP: 1/42 [orc/+0 mace (5)]
  2735 | D:3      | Slain by an orc

Illustrated notes

Levels and vault maps discovered:
D:1:      roderic_crossed_star, layout_basic, serial_shops,
          nicolae_shop_hallway_stairs, minmay_tromino_v4_c
D:2:      layout_basic, nicolae_ecumenical_oubliette
D:3:      layout_basic, nicolae_overflow_ecumenical_swirl,
          nicolae_hepliaklqana_hazy_memory,
          mainiacjoe_overflow_concentric_impassable, gammafunk_ghost_split,
          grunt_decor_cap

Skill      XL: |  1  2  3  4 |
---------------+-------------+-----
Axes           | 3 |  3.5
Fighting       | |  3.8
Armour         | |  2.9
Dodging        | |  1.5
Invocations    | |  2.0

Action                   |  1- 3 |  4- 6 || total
-------------------------+-------+-------++-------
Melee: Hand axe          |   108 |   119 ||   227
       Punch             |     1 |       ||     1
Armor: Leather armour    |     5 |       ||     5
       Chain mail        |    64 |    63 ||   127
Dodge: Dodged            |    55 |    40 ||    95
